 Dungeon Crawl Stone Soup version 0.31-a0-43-g46d131a48f (webtiles) character file.

Game seed: 15690591593496899080

282 Darius099 the Chopper (level 6, -7/52 HPs)
             Began as a Minotaur Fighter on May 17, 2023.
             Killed by divine providence
             ... invoked by an orc priest
              (12 damage)
             ... on level 4 of the Dungeon on May 18, 2023.
             The game lasted 00:07:51 (2592 turns).

Darius099 the Chopper (Minotaur Fighter)            Turns: 2592, Time: 00:07:52

Health: -7/52      AC:  9    Str: 22    XL:     6   Next: 6%
Magic:  5/5        EV: 13    Int:  5    God:
Gold:   215        SH:  4    Dex: 10    Spells: 5/5 levels left

rFire   . . .        a - +0 war axe
rCold   . . .        c - +0 buckler
rNeg    . . .        r - +0 chain mail
rPois   +            (helmet restricted)
rElec   .            (no cloak)
rCorr   .            (no gloves)
SInv    .            (no boots)
Will    .....        (no amulet) Stlth
                     f - +5 ring of evasion
HPRegen 0.28/turn    n - ring of poison resistance
MPRegen 0.09/turn

%: no passive effects
@: no status effects
A: horns 2, retaliatory headbutt
a: no special abilities


You were on level 4 of the Dungeon.
You visited 1 branch of the dungeon, and saw 4 of its levels.

You collected 215 gold pieces.

Inventory:

Hand Weapons
 a - a +0 war axe (weapon)
Armour
 c - a +0 buckler (worn)
 r - a +0 chain mail (worn)
Jewellery
 f - a +5 ring of evasion (left hand)
 n - a ring of poison resistance (right hand)
Scrolls
 e - a scroll of enchant armour {unknown}
 h - 6 scrolls of identify {unknown}
 o - a scroll of fear {unknown}
 p - 2 scrolls of amnesia {unknown}
 t - a scroll of acquirement {unknown}
 u - 3 scrolls of poison {unknown}
 v - a scroll of blinking {unknown}
Potions
 b - a potion of invisibility {unknown}
 d - 2 potions of might
 g - a potion of ambrosia {unknown}
 i - a potion of berserk rage {unknown}
 j - 3 potions of heal wounds {unknown}
 k - 3 potions of lignification {unknown}
 l - a potion of attraction {unknown}
 m - a potion of curing {unknown}
 q - a potion of magic {unknown}
 s - a potion of resistance {unknown}


   Skills:
 - Level 4.0 Fighting
 + Level 7.2 Axes
 - Level 4.0 Armour
 - Level 3.9 Shields


You had 5 spell levels left.
You didn't know any spells.
Your spell library contained the following spells:

 Spells                   Type           Power      Damage    Failure   Level
 Summon Forest            Summ/Tloc      0%         N/A       100%        5
 Eringya's Noxious Bog    Tmut/Pois      0%         N/A       100%        6
 Summon Hydra             Summ           0%         N/A       100%        7


Dungeon Overview and Level Annotations

Branches:
Dungeon (4/15)
 Temple: D:4-7

Altars:
Cheibriados
Makhleb

Shops:
D:1 *   D:3 =


Innate Abilities, Weirdness & Mutations

You have a pair of horns on your head.
You reflexively headbutt those who attack you in melee.


Message History

The orc wizard casts a spell at you. The magic dart hits you.
The orc priest hits you but does no damage.
You hit the orc wizard.
The orc wizard is lightly wounded.
The orc wizard casts a spell at you. The magic dart hits you.
The orc priest hits you but does no damage.
You barely miss the orc wizard. Your headbutt misses the orc wizard.
The orc wizard is lightly wounded.
The orc wizard hits you but does no damage.
The orc priest closely misses you.
The orc priest hits you from afar with a +0 trident.
The orc wizard casts a spell at you. The puff of flame hits you.
You closely miss the orc wizard.
The orc wizard is lightly wounded.
The orc wizard hits you with a +0 dagger.
You block the orc priest's attack.
You closely miss the orc wizard.
The orc wizard is lightly wounded.
The orc wizard hits you but does no damage.
The orc priest barely misses you.
You barely miss the orc wizard.
The orc wizard is lightly wounded.
The orc wizard casts a spell.
The orc wizard flickers and vanishes!
Deactivating autopickup; reactivate with Ctrl-A.
The orc priest calls down the wrath of Beogh upon you.
Beogh smites you!
* * * LOW HITPOINT WARNING * * *
You barely miss something. You headbutt something! Something hits you.
* * * LOW HITPOINT WARNING * * *
The orc priest barely misses you.
You slash something!
Reactivating autopickup.
You feel a bit more experienced.
The orc priest invokes the aid of Beogh against you.
Beogh smites you!
You die...

###### #....# #....#
#....#########
#....#.......#
#####....#.......#
............†....# +##.#
...........#######......
...........'....@)o.>..#
...........#######......
...........# ....#
...........# .#.#
############ ... .# #


You could see an orc priest.

Vanquished Creatures
  A scorpion (D:4)
  Terence (D:3)
  An iguana (D:4)
  2 orc wizards (D:4)
  4 adders
  3 gnolls (D:4)
  3 worms
  5 dart slugs
  3 orcs (D:4)
  4 ball pythons
  5 bats
  4 endoplasms
  4 giant cockroaches
  8 goblins
  6 hobgoblins
  3 jackals (D:2)
  6 kobolds (D:1)
  4 quokkas
  2 frilled lizards
  A rat (D:1)
70 creatures vanquished.

Notes
Turn   | Place    | Note
-------+----------+-------------------------------------------
     0 | D:1      | Darius099 the Minotaur Fighter began the quest for the Orb.
     0 | D:1      | Reached XP level 1. HP: 19/19 MP: 0/0
    74 | D:1      | Reached XP level 2. HP: 25/27 MP: 1/1
   252 | D:1      | Upgraded the game from 0.31-a0-40-g1d5085d191 to
                  | 0.31-a0-43-g46d131a48f
   286 | D:1      | Reached skill level 3 in Axes
   525 | D:1      | Found Gatoll's General Store.
   825 | D:1      | Reached XP level 3. HP: 33/33 MP: 2/2
  1285 | D:2      | Reached skill level 4 in Axes
  1509 | D:3      | Reached XP level 4. HP: 40/40 MP: 3/3
  1545 | D:3      | Found a faded altar of an unknown god.
  1677 | D:3      | Noticed Terence
  1689 | D:3      | Killed Terence
  1690 | D:3      | Reached skill level 5 in Axes
  1767 | D:3      | Found Midaib's Jewellery Shoppe.
  1796 | D:3      | Found a snail-covered altar of Cheibriados.
  1815 | D:3      | Found a burning altar of Makhleb.
  2381 | D:4      | Reached XP level 5. HP: 46/46 MP: 4/4
  2394 | D:4      | Reached skill level 6 in Axes
  2544 | D:4      | Reached skill level 7 in Axes
  2583 | D:4      | Reached XP level 6. HP: 34/52 MP: 5/5
  2592 | D:4      | Killed from afar by an orc priest

Illustrated notes

Levels and vault maps discovered:
D:1:      dpeg_arrival_oval, layout_basic, serial_shops,
          nicolae_shop_hallway_plus, minivault_11,
          chequers_serial_rivers_large_b
D:2:      layout_loops_ring
D:3:      layout_loops_cross, mainiacjoe_overflow_concentric_impassable,
          general_overflow_altar, shapermc_ecumenical_altar_venn, serial_shops,
          nicolae_shop_gaudy_bauble, uniq_terence
D:4:      layout_basic

Skill      XL: |  1  2  3  4  5 |
---------------+----------------+-----
Fighting       | 4 |  4.0
Armour         | 4 |  4.0
Axes           | 3 4 5 7 |  7.2
Shields        | |  3.9

Action                     |  1- 3 |  4- 6 || total
---------------------------+-------+-------++-------
  Melee: War axe           |    72 |    73 ||   145
         Headbutt          |    11 |    11 ||    22
 Armour: Scale mail        |    35 |     7 ||    42
         Chain mail        |       |    15 ||    15
  Dodge: Dodged            |    34 |    40 ||    74
  Block: Buckler           |    14 |    16 ||    30

Table legend: (Time is in decaauts)
 A = Elapsed time spent in this place.
 B = Non-inter-level travel time spent in this place.
 C = Inter-level travel time spent in this place.
 D = Time resting spent in this place.
 E = Time spent auto-exploring this place.
 F = Levels seen in this place.
 G = Mean time per level.
                   A        B        C        D        E       F      G
               +--------+--------+--------+--------+--------+-----+--------+
         Total |   2661 |   2504 |    157 |      0 |   2045 |   4 |  665.2 |
       Dungeon |   2661 |   2504 |    157 |      0 |   2045 |   4 |  665.2 |
               +--------+--------+--------+--------+--------+-----+--------+

Top non-repeatable levels by time:
     D:1: 974 daAuts
     D:3: 721 daAuts
     D:2: 583 daAuts
     D:4: 381 daAuts
